[Event "Early-Titled-Tuesday-Blitz-February-13-2024"]
[Site "Chess.com"]
[Date "2024.02.13"]
[Round "10"]
[White "Vaibhavraut99"]
[Black "andrzej"]
[Result "1-0"]
[WhiteElo "2689"]
[BlackElo "2513"]
[TimeControl "180+1"]
[EndTime "9:59:03 PST"]
[Termination "Vaibhavraut99 won on time"]

1. e4 e5 2. d4 exd4 3. c3 Qe7 4. cxd4 Qxe4+ 5. Be3 Nf6 6. Nc3 Bb4 7. Nf3 O-O 8. Bd3 Qe7 9. O-O d5 10. h3 c6 11. Re1 Qc7 12. Rc1 Qa5 13. a3 Bxc3 14.
Rxc3 Ne4 15. Bxe4 dxe4 16. Ng5 Qf5 17. Bd2 Re8 18. Rce3 Na6 19. Nxe4 Be6 20. Nd6 Qf6 21. Nxe8 Rxe8 22. d5 cxd5 23. Bc3 Qf5 24. Re5 Qg6 25. Qxd5 Nc7 26. Qxb7 Na8 27. Qc6 Rd8 28. R5e3 Qf5 29. Rg3 g6 30. Rf3 Qc2 31. Rxe6 Qd1+ 32. Kh2 1-0

[Event "Early-Titled-Tuesday-Blitz-February-13-2024"]
[Site "Chess.com"]
[Date "2024.02.13"]
[Round "10"]
[White "Abund"]
[Black "deribas12345"]
[Result "1-0"]
[WhiteElo "2768"]
[BlackElo "2608"]
[TimeControl "180+1"]
[EndTime "9:59:04 PST"]
[Termination "Abund won by resignation"]

1. e4 e6 2. d4 d5 3. Nd2 Nf6 4. e5 Ne4 5. Nxe4 dxe4 6. Be3 c5 7. dxc5 Nd7 8. Ne2 Qa5+ 9. c3 Nxe5 10. b4 Qc7 11.
Nd4 Be7 12. Nb5 Qd7 13. Nd6+ Bxd6 14. cxd6 O-O 15. Qd4 Nd3+ 16. Bxd3 exd3 17. Rd1 b6 18. O-O Bb7 19. Rxd3 Rac8 20. c4 e5 21. Qh4 Qc6 22. Qg3 Qxc4 23. Bh6 g6 24. d7 Rcd8 25. Qxe5 f6 26.
Qe7 Qf7 27. Bxf8 Qxf8 28. Re1 Bc6 29. Rd6 Bb5 30. h4 Qxe7 31. Rxe7 h5 32. Rxf6 1-0

[Event "Early-Titled-Tuesday-Blitz-February-13-2024"]
[Site "Chess.com"]
[Date "2024.02.13"]
[Round "10"]
[White "Ron_Weasley_Chess"]
[Black "Semetey"]
[Result "0-1"]
[WhiteElo "2457"]
[BlackElo "2637"]
[TimeControl "180+1"]
[EndTime "9:59:04 PST"]
[Termination "Semetey won on time"]

1. Nf3 b6 2. g3 Bb7 3. Bg2 g6 4.
O-O Bg7 5. c4 Nf6 6. Nc3 O-O 7.
d3 c5 8. Bd2 e6 9. Rc1 d5 10. cxd5 Nxd5 11. b3 Nc6 12. Nxd5 Qxd5 13. Bc3 Nd4 14. Bxd4 Bxd4 15. Ne1 Qd7 16. Bxb7 Qxb7 17.
Qd2 Rfd8 18. Nf3 Bg7 19. b4 cxb4 20. Qxb4 Rac8 21. a4 h6 22. a5 b5 23. Nd2 a6 24.
Ne4 Bf8 25. Qb2 Be7 26. Qe5 Rd5 27. Qf4 b4 28. Rxc8+ Qxc8 29. Rc1 Qd8 30. Nd2 Rxa5 31. Nc4 Rb5 32. h4 h5 33. Ra1 a5 34. Qe4 b3 35.
Qc6 b2 36. Rb1 Qb8 37. Kg2 a4 38. Nxb2 Rxb2 39. Rxb2 Qxb2 40. Qe8+ Kg7 41. Qxa4 Qxe2 42. Qd4+ Bf6 43. Qd7 Qb2 0-1

[Event "Early-Titled-Tuesday-Blitz-February-13-2024"]
[Site "Chess.com"]
[Date "2024.02.13"]
[Round "10"]
[White "sokidze"]
[Black "Karttunen"]
[Result "0-1"]
[WhiteElo "2806"]
[BlackElo "2645"]
[TimeControl "180+1"]
[EndTime "9:59:05 PST"]
[Termination "Karttunen won by checkmate"]

1. d4 d5 2. Nc3 Nf6 3. Bf4 a6 4.
e3 e6 5. g4 Bd6 6. Qf3 b5 7.
g5 Nfd7 8. Bxd6 cxd6 9. Qg3 Nb6 10. Nf3 b4 11. Ne2 Nc4 12. O-O-O a5 13. Nf4 a4 14.
Kb1 Qc7 15. Bxc4 dxc4 16. Nh5 Rg8 17. Qf4 Bb7 18. e4 Nd7 19. Ng3 c3 20. Qe3 cxb2 21.
Kxb2 Nb6 22. Nd2 Rc8 23. Rc1 Qc3+ 24. Kb1 Ba6 25. Qxc3 bxc3 26. Nf3 Nc4 27. Ka1 Na3 28.
Rhe1 Kd7 29. Re3 Rc7 30. Ne2 Bxe2 31. Rxe2 Rb8 32. Re3 Rcb7 33. Ree1 Rb2 34. d5 Rb1+ 35. Rxb1 Nxc2# 0-1

[Event "Early-Titled-Tuesday-Blitz-February-13-2024"]
[Site "Chess.com"]
[Date "2024.02.13"]
[Round "10"]
[White "noblerone"]
[Black "Ariadna_Atreides"]
[Result "1-0"]
[WhiteElo "2454"]
[BlackElo "2143"]
[TimeControl "180+1"]
[EndTime "9:59:05 PST"]
[Termination "noblerone won on time"]

1. d4 Nf6 2. c4 e6 3. Nc3 Bb4 4. Nf3 O-O 5. Bg5 h6 6. Bxf6 Qxf6 7. e3 d6 8. Be2 e5 9. O-O Bxc3 10. bxc3 Be6 11. c5 e4 12. Nd2 Qg6 13. Bh5 Qf5 14. cxd6 cxd6 15. h3 d5 16. Bg4 Qf6 17.
c4 Nc6 18. Bxe6 fxe6 19. Rb1 b6 20. Qg4 Rad8 21. Qg3 Na5 22. Rfc1 Rc8 23. c5 bxc5 24. dxc5 Nc6 25. Rb7 Ne5 26. Nb3 Nd3 27. Rc2 Rf7 28.
c6 Ne5 29. Rxf7 Kxf7 30. Nd4 a6 31. Rb2 Nc4 32. Rb7+ Kf8 33. Nxe6+ Kg8 34. Rxg7+ Kh8 35. Rg6 Qa1+ 36. Kh2 Kh7 37. Rg7+ Kh8 38. Qg6 1-0

[Event "Early-Titled-Tuesday-Blitz-February-13-2024"]
[Site "Chess.com"]
[Date "2024.02.13"]
[Round "10"]
[White "lluiss"]
[Black "SHIVACalypso"]
[Result "0-1"]
[WhiteElo "2157"]
[BlackElo "2480"]
[TimeControl "180+1"]
[EndTime "9:59:06 PST"]
[Termination "SHIVACalypso won by resignation"]

1. e4 c5 2. Nf3 g6 3. d4 Bg7 4. Nc3 cxd4 5. Nxd4 Nc6 6. Nxc6 bxc6 7. Be2 Bb7 8. O-O d5 9. Na4 Nf6 10. Nc5 Qb6 11. Nxb7 Qxb7 12. exd5 cxd5 13. Bf3 O-O 14. c4 Rfd8 15. Qe2 e6 16. Bg5 Qc7 17. Bxf6 Bxf6 18. cxd5 exd5 19. Rad1 Rab8 20. b3 d4 21. Be4 Qa5 22. Qf3 Kg7 23. Rc1 Qxa2 24. Bd5 Qa5 25. Bc4 d3 26. Rfd1 d2 27. Rc2 Rb6 28. h4 Rbd6 29. g4 Qe5 30. g5 Qe1+ 31. Kg2 Be5 32. Qxf7+ Kh8 33. Rcxd2 Qe4+ 34. f3 Rxd2+ 0-1

[Event "Early-Titled-Tuesday-Blitz-February-13-2024"]
[Site "Chess.com"]
[Date "2024.02.13"]
[Round "10"]
[White "Attacker_2006"]
[Black "Zampronha1971"]
[Result "1-0"]
[WhiteElo "2476"]
[BlackElo "2311"]
[TimeControl "180+1"]
[EndTime "9:59:07 PST"]
[Termination "Attacker_2006 won by checkmate"]

1. e4 c5 2. Nc3 Nc6 3. g3 g6 4. Bg2 Bg7 5. d3 d6 6. Be3 e6 7.
Qd2 Nge7 8. Bh6 O-O 9. Bxg7 Kxg7 10. Nge2 d5 11. exd5 exd5 12. O-O b6 13. d4 c4 14. Nf4 Be6 15. Rfe1 Qd6 16. Nb5 Qd7 17. Rxe6 fxe6 18.
Nc7 Rxf4 19. Qxf4 Rf8 20. Qe3 Qxc7 21. Qxe6 Nxd4 22. Qe3 Nef5 23. Qc3 Qe5 24. Re1 Qf6 25.
Bxd5 Nh4 26. gxh4 Qxf2+ 27. Kh1 Qf6 28. Bg2 b5 29. Rf1 Qe5 30. Re1 Qf6 31. Rf1 Qe5 32.
Re1 Qc5 33. Rd1 Rf4 34. Qe3 Rxh4 35. c3 Nb3 36. Rd7+ Kf8 37. Qf3+ Ke8 38. Qf7# 1-0

[Event "Early-Titled-Tuesday-Blitz-February-13-2024"]
[Site "Chess.com"]
[Date "2024.02.13"]
[Round "10"]
[White "SlavenPastar"]
[Black "Brahianzevich"]
[Result "0-1"]
[WhiteElo "2597"]
[BlackElo "2475"]
[TimeControl "180+1"]
[EndTime "9:59:09 PST"]
[Termination "Brahianzevich won by checkmate"]

1. b3 d5 2. Bb2 e6 3. Nf3 Nf6 4.
e3 Be7 5. c4 O-O 6. cxd5 Nxd5 7.
Be2 b6 8. O-O Bb7 9. d3 c5 10.
Nbd2 Bf6 11. d4 Nc6 12. Rc1 cxd4 13. exd4 Nf4 14. Ne4 Nxe2+ 15. Qxe2 Nb4 16. Rfd1 Nxa2 17.
Nxf6+ gxf6 18. Rc4 Rc8 19. Ra1 Ba6 20. Rxc8 Qxc8 21.
Qd2 Qc6 22. Rxa2 Bb7 23. Ra1 Qd5 24. Qe3 Kh8 25. Rc1 Rg8 26. Kf1 Ba6+ 27. Kg1 Bb7 28. Kh1 Qh5 29. Rc7 Bd5 30. Bc1 Qg6 31. Bd2 Qxg2# 0-1

[Event "Early-Titled-Tuesday-Blitz-February-13-2024"]
[Site "Chess.com"]
[Date "2024.02.13"]
[Round "10"]
[White "Helenita13"]
[Black "Alenzer"]
[Result "1-0"]
[WhiteElo "2364"]
[BlackElo "2140"]
[TimeControl "180+1"]
[EndTime "9:59:09 PST"]
[Termination "Helenita13 won by resignation"]

1. d4 d5 2. Nf3 Nf6 3. Bg5 e6 4.
e3 c5 5. c3 h6 6. Bh4 Qb6 7. Qc1 Ne4 8. Nbd2 g5 9. Bg3 Nd7 10.
Nxe4 dxe4 11. Nd2 f5 12. a4 cxd4 13. cxd4 Bb4 14. Bb5 f4 15. exf4 Qxd4 16. fxg5 e3 17. fxe3 Qxe3+ 18. Be2 Nc5 19. Qc2 Bxd2+ 20. Qxd2 Qxd2+ 21.
Kxd2 Nb3+ 22. Kc3 Nxa1 23. g6 Rg8 24. Rxa1 b6 25. Bf3 Rxg6 26. Bxa8 Ba6 27. Bc6+ Ke7 28. Rd1 e5 29. Rd7+ Ke6 30. Rxa7 Bf1 31. Bf3 h5 32.
Bxh5 Rg5 33. Bf3 Kf5 34. Rf7+ Ke6 35. Rb7 Kf5 36. Rxb6 e4 37. Bd1 e3 38. Bc2+ Kg4 39.
Re6 e2 40. Bd3 Rc5+ 41. Kd2 e1=Q+ 42. Bxe1 Bxd3 43. Kxd3 Rd5+ 44. Kc4 1-0

[Event "Early-Titled-Tuesday-Blitz-February-13-2024"]
[Site "Chess.com"]
[Date "2024.02.13"]
[Round "10"]
[White "Al_Shima"]
[Black "Alblooshi_Hamad"]
[Result "1-0"]
[WhiteElo "2372"]
[BlackElo "2245"]
[TimeControl "180+1"]
[EndTime "9:59:11 PST"]
[Termination "Al_Shima won by resignation"]

1. e4 e5 2. Bc4 Bc5 3. Nc3 Nc6 4. Qg4 g6 5. Qg3 d6 6. Nge2 Be6 7. d3 Bxc4 8. dxc4 Nb4 9. O-O Nxc2 10. Rb1 Nd4 11. Bg5 Qd7 12. Nxd4 Bxd4 13. Nd5 c6 14. Nf6+ Nxf6 15.
Bxf6 Rg8 16. Kh1 Qe6 17. Qh4 h6 18. f4 g5 19. fxg5 hxg5 20. Qh7 Kd7 21. Bxg5 Raf8 22.
Rf6 Qe8 23. Bh6 Rh8 24. Qf5+ Kc7 25. Bxf8 Qxf8 26. Rxf7+ Qxf7 27. Qxf7+ Kb6 28. b4 a6 29. a4 Be3 30. a5+ Ka7 31. h3 Rh4 32. b5 axb5 33. cxb5 Rxe4 34. bxc6 1-0

[Event "Early-Titled-Tuesday-Blitz-February-13-2024"]
[Site "Chess.com"]
[Date "2024.02.13"]
[Round "10"]
[White "SirGerhard"]
[Black "NelsonLinda"]
[Result "0-1"]
[WhiteElo "2794"]
[BlackElo "2616"]
[TimeControl "180+1"]
[EndTime "9:59:15 PST"]
[Termination "NelsonLinda won by resignation"]

1. e4 c5 2. Nc3 e6 3. Nf3 d6 4.
d4 cxd4 5. Nxd4 Nf6 6. g4 e5 7. Bb5+ Bd7 8. Bxd7+ Qxd7 9. Nf5 h5 10. f3 hxg4 11.
fxg4 Nc6 12. Bg5 Nh7 13. Be3 g6 14. Ng3 Be7 15. Nd5 Nf6 16. Nxf6+ Bxf6 17. g5 Be7 18. Qf3 Qe6 19. a3 O-O-O 20. O-O-O Qa2 21. c3 Na5 22. Qe2 Nc4 23. Rdf1 Qa1+ 24. Kc2 Qxb2+ 25. Kd3 Qb5 26. Kc2 Nxa3+ 27. Kd1 Qb1+ 28. Kd2 Qc2+ 29. Ke1 Qxe2+ 30.
Kxe2 Nc4 31. Bc1 Rdf8 32. Kd3 Nb6 33. h4 Nd7 34. h5 gxh5 35. Nxh5 Nc5+ 36. Ke3 Bxg5+ 37.
Kf3 Bxc1 38. Rxc1 f5 39. exf5 Rxf5+ 40. Kg4 Rff8 41. Rcf1 Ne4 42. Rxf8+ Rxf8 43. c4 Nf2+ 0-1

[Event "Early-Titled-Tuesday-Blitz-February-13-2024"]
[Site "Chess.com"]
[Date "2024.02.13"]
[Round "10"]
[White "karinachess1"]
[Black "secretsuperstar7"]
[Result "1-0"]
[WhiteElo "2669"]
[BlackElo "2524"]
[TimeControl "180+1"]
[EndTime "9:59:16 PST"]
[Termination "karinachess1 won on time"]

1. d4 Nf6 2. c4 e6 3. Nc3 Bb4 4. a3 Bxc3+ 5. bxc3 c5 6. f3 d5 7. cxd5 Nxd5 8. dxc5 Qa5 9. e4 Nf6 10. Be3 Na6 11. a4 O-O 12. Bb5 Qxc3+ 13. Kf2 Nxc5 14. Rc1 Ncxe4+ 15. fxe4 Nxe4+ 16. Ke2 Qb2+ 17. Qc2 Qb4 18. Nf3 f5 19. Rhd1 a6 20. Bd3 b5 21. a5 Bb7 22. Bd2 Qd6 23. Qc7 Qd5 24. Qe5 Qa2 25. Rc2 Qb3 26. Nd4 Qa4 27. Nxe6 Rf7 28. Rc7 Re8 29.
Rxf7 Kxf7 30. Qxf5+ Nf6 31. Kf1 Rxe6 32. Bc3 Qxd1+ 33.
Kf2 Qc1 34. Bxf6 1-0

[Event "Early-Titled-Tuesday-Blitz-February-13-2024"]
[Site "Chess.com"]
[Date "2024.02.13"]
[Round "10"]
[White "Barmen_EV"]
[Black "Attacks_Hurricane"]
[Result "1-0"]
[WhiteElo "2521"]
[BlackElo "2349"]
[TimeControl "180+1"]
[EndTime "9:59:16 PST"]
[Termination "Barmen_EV won by checkmate"]

1. e4 c5 2. c3 d5 3. exd5 Qxd5 4.
d4 Nc6 5. Nf3 Bf5 6. Be3 cxd4 7.
cxd4 e6 8. Nc3 Bb4 9. Be2 Qa5 10. O-O Nge7 11. a3 Bxc3 12. bxc3 Qxc3 13. Qa4 Qa5 14. Qb3 O-O 15. Rac1 Rab8 16. Rc5 Qd8 17. Rd1 b6 18. Rcc1 Na5 19. Qa4 Be4 20. Ne5 f6 21. d5 Bxd5 22. Nd7 Bc6 23. Rxc6 Naxc6 24. Nxf6+ gxf6 25. Rxd8 Rfxd8 26. Qg4+ Kh8 27. Qxe6 Nd5 28. Qxc6 Rbc8 29. Qe6 Nxe3 30. Qxf6+ Kg8 31. Qe6+ Kg7 32. Qxe3 Re8 33. Qg5+ Kf8 34. Qf6+ Kg8 35. Qg5+ Kh8 36. Kf1 Rc5 37. Qf6+ Kg8 38. g3 Rc1+ 39. Kg2 Rc5 40. Bd1 Rf8 41. Bb3+ Rd5 42. Bxd5+ Rf7 43. Qxf7+ Kh8 44.
Qf8# 1-0

[Event "Early-Titled-Tuesday-Blitz-February-13-2024"]
[Site "Chess.com"]
[Date "2024.02.13"]
[Round "10"]
[White "Fh2411"]
[Black "rhungaski"]
[Result "0-1"]
[WhiteElo "2620"]
[BlackElo "2521"]
[TimeControl "180+1"]
[EndTime "9:59:17 PST"]
[Termination "rhungaski won by resignation"]

1. d4 g6 2. c4 Bg7 3. Nc3 c5 4. d5 Bxc3+ 5. bxc3 f5 6. e4 fxe4 7. f3 e5 8. fxe4 Qh4+ 9. Kd2 Qxe4 10. Nf3 d6 11. Bd3 Qg4 12. Qe2 Bf5 13. Re1 Nd7 14. h3 Bxd3 15. Kxd3 Qf5+ 16. Kd2 h6 17. g4 Qf7 18. Kc2 O-O-O 19. Be3 Ne7 20. Nd2 g5 21. Kb2 Qg6 22. a4 Rhe8 23. a5 Ng8 24. Ka3 e4 25. Nf1 Ne5 26. Reb1 Nd3 27. Ng3 Ne7 28. Qa2 Qf6 29. Qb3 Rd7 30. Rf1 Qe5 31. Nf5 Nxf5 32.
Rxf5 Qg3 33. Bg1 e3 34. Qb5 e2 35. a6 e1=Q 36. axb7+ Rxb7 37. Rxe1 Qxe1 38. Qc6+ Kb8 0-1

[Event "Early-Titled-Tuesday-Blitz-February-13-2024"]
[Site "Chess.com"]
[Date "2024.02.13"]
[Round "10"]
[White "kpio91"]
[Black "vi_pranav"]
[Result "1/2-1/2"]
[WhiteElo "2902"]
[BlackElo "3035"]
[TimeControl "180+1"]
[EndTime "9:59:18 PST"]
[Termination "Game drawn by repetition"]

1. e4 e5 2. Bc4 Nc6 3. d3 Nf6 4. Nc3 Bc5 5. h3 d6 6. Be3 Bb6 7. Nge2 Be6 8. Bb3 O-O 9. Qd2 h6 10. O-O Bxe3 11. fxe3 Nh7 12. Ng3 Na5 13. Rf2 Nxb3 14.
axb3 g6 15. d4 Qh4 16. Nce2 Ng5 17. dxe5 dxe5 18. Qc3 Rfe8 19. Qxe5 Bxh3 20. Qf4 Bg4 21.
Nd4 f5 22. exf5 c5 23. Nf3 Nxf3+ 24. gxf3 h5 25. fxg4 g5 26. Qd6 Rxe3 27. Qg6+ Kf8 28. Nxh5 Qxg4+ 29. Rg2 Qd4 30. Qh6+ Kf7 31. Qh7+ Kf8 32.
Qh6+ Kf7 33. Qg6+ Kf8 34. Kh2 Qh4+ 35. Kg1 Qd4 1/2-1/2

[Event "Early-Titled-Tuesday-Blitz-February-13-2024"]
[Site "Chess.com"]
[Date "2024.02.13"]
[Round "10"]
[White "Igor_Lysyj"]
[Black "kingofthenil"]
[Result "0-1"]
[WhiteElo "2848"]
[BlackElo "2723"]
[TimeControl "180+1"]
[EndTime "9:59:20 PST"]
[Termination "kingofthenil won by resignation"]

1. d4 d5 2. c4 e6 3. Nf3 a6 4. cxd5 exd5 5. Nc3 Nf6 6. Bg5 Be6 7. e3 Nbd7 8. Bd3 Bd6 9. O-O c6 10. Bf4 Qc7 11. Qd2 Bg4 12. Nh4 O-O 13. Bxd6 Qxd6 14. f4 Nb6 15. f5 g5 16. Nf3 Bxf3 17. Rxf3 Rae8 18. Rg3 h6 19. Qf2 Kh8 20. Re1 Re7 21. h4 g4 22. e4 dxe4 23. Nxe4 Nxe4 24. Rxe4 Rxe4 25. Bxe4 Rd8 26. Rd3 Qf6 27. g3 Nc4 28. Rd1 Re8 29. Qf4 Nxb2 30. Rb1 Qxd4+ 31. Kh2 Rxe4 32.
Qxh6+ Kg8 33. Qg5+ Kf8 34. Qh6+ Ke8 35. Rg1 Re2+ 36.
Rg2 Rxg2+ 37. Kxg2 Nd3 38. Qd2 Qe4+ 39. Kg1 Qe1+ 40. Qxe1+ Nxe1 41. Kf2 Nf3 42. Ke3 c5 43. Kf4 c4 0-1

[Event "Early-Titled-Tuesday-Blitz-February-13-2024"]
[Site "Chess.com"]
[Date "2024.02.13"]
[Round "10"]
[White "Matibar"]
[Black "PolandHussars"]
[Result "1-0"]
[WhiteElo "2768"]
[BlackElo "2608"]
[TimeControl "180+1"]
[EndTime "9:59:20 PST"]
[Termination "Matibar won on time"]

1. Nf3 d5 2. c4 dxc4 3. Na3 a6 4. Nxc4 b5 5. Ne3 Bb7 6. d3 c5 7. g3 Nc6 8. Bg2 Nf6 9. O-O e6 10. b3 Be7 11. Bb2 O-O 12. Rc1 Qb6 13. a3 Rac8 14. Qd2 Rfd8 15. Rfd1 h6 16. h3 Nd4 17.
Nxd4 cxd4 18. Ng4 Nd5 19. Rxc8 Rxc8 20. Rc1 Nc3 21. Bxc3 Bxg2 22. Bxd4 Rxc1+ 23. Qxc1 Qxd4 24. Kxg2 Qd5+ 25. f3 Qxb3 26. Qc8+ Kh7 27. Qe8 Bxa3 28. Qxf7 Qb2 29. Qxe6 a5 30. f4 a4 31. f5 Bf8 32.
f6 a3 33. Qe4+ Kg8 34. Ne5 gxf6 35. Nd7 Qb4 36. Qe6+ Kh8 37. Nxf6 1-0

[Event "Early-Titled-Tuesday-Blitz-February-13-2024"]
[Site "Chess.com"]
[Date "2024.02.13"]
[Round "10"]
[White "Zurability"]
[Black "HaryKane"]
[Result "1-0"]
[WhiteElo "2753"]
[BlackElo "2583"]
[TimeControl "180+1"]
[EndTime "9:59:20 PST"]
[Termination "Zurability won by resignation"]

1. e4 d6 2. d4 g6 3. Nc3 Bg7 4. h4 h6 5. Be3 Nf6 6. Be2 Na6 7.
Qd2 Ng4 8. Bxg4 Bxg4 9. f3 Bd7 10. Nge2 b5 11. e5 b4 12. Ne4 d5 13. N4g3 e6 14.
f4 h5 15. f5 exf5 16. Bg5 Qc8 17. Nf4 Be6 18. O-O-O c5 19. Bf6 Bxf6 20. exf6 c4 21. Rde1 Qd7 22. Nxe6 fxe6 23. Ne2 O-O 24. Qg5 Qf7 25.
Nf4 Qxf6 26. Rxe6 Qxg5 27. hxg5 Nc7 28. Rxg6+ Kf7 29. Rxh5 Rh8 30. Rf6+ Ke7 31. Rxf5 Rxh5 32. Nxh5 Rh8 33. g4 Kd6 34. g6 Ne6 35. Rf6 Ke7 36.
Rf7+ Kd6 37. c3 bxc3 38. bxc3 Rg8 39. g7 a5 40. Kd2 a4 41. Ra7 a3 42. Nf6 Rxg7 43. Ne8+ Kc6 44. Nxg7 1-0

[Event "Early-Titled-Tuesday-Blitz-February-13-2024"]
[Site "Chess.com"]
[Date "2024.02.13"]
[Round "10"]
[White "Sanyura"]
[Black "Zohid6"]
[Result "0-1"]
[WhiteElo "2666"]
[BlackElo "2839"]
[TimeControl "180+1"]
[EndTime "9:59:21 PST"]
[Termination "Zohid6 won by resignation"]

1. Nf3 Nf6 2. g3 d5 3. Bg2 Bg4 4. O-O Nbd7 5. d3 e5 6. Nbd2 Bd6 7. e4 dxe4 8. dxe4 O-O 9. h3 Bh5 10. Qe2 c6 11. Nc4 Qc7 12. Rd1 Bc5 13. g4 Bg6 14. Nh4 b5 15. Nd2 a5 16. Nf1 Rfd8 17. Ng3 Nf8 18.
g5 N6d7 19. Nhf5 Ne6 20. h4 Nf4 21. Qg4 Qb6 22. Bxf4 Bxf2+ 23. Kh2 exf4 24. Qxf4 Bxg3+ 25. Kxg3 Qc5 26. c3 Ne5 27. Kh2 Bh5 28. Rxd8+ Rxd8 29. Rf1 Rd3 30. Ng3 g6 31. b4 Qxc3 32. bxa5 Ng4+ 33. Kh3 Ne5 34. a6 Rd2 35. a7 Rxa2 36. Rc1 Qd4 37. Nxh5 gxh5 38. g6 hxg6 39. Kh2 Rxa7 40. Rd1 0-1

[Event "Early-Titled-Tuesday-Blitz-February-13-2024"]
[Site "Chess.com"]
[Date "2024.02.13"]
[Round "10"]
[White "RamonManon0g"]
[Black "C_K_G"]
[Result "1-0"]
[WhiteElo "2365"]
[BlackElo "2118"]
[TimeControl "180+1"]
[EndTime "9:59:21 PST"]
[Termination "RamonManon0g won on time"]

1. e4 c5 2. Nf3 d6 3. Bb5+ Bd7 4. Bxd7+ Qxd7 5. c4 Nc6 6. Nc3 e6 7. d4 cxd4 8. Nxd4 Nf6 9. O-O Be7 10. b3 O-O 11. Bb2 Ne8 12. Nxc6 Qxc6 13. Re1 Bf6 14. Qd2 g6 15. Rad1 Bg7 16. Nb5 Bxb2 17. Qxb2 a6 18. Nd4 Qc5 19. Nf3 f6 20. Qd2 Rd8 21. Nd4 Ng7 22. Qh6 Rfe8 23. h3 Qh5 24. Qe3 Qa5 25.
Qf3 Qe5 26. Re2 Nh5 27. Red2 Nf4 28. Ne2 Nxe2+ 29. Qxe2 Kg7 30. Qe3 Rd7 31. c5 d5 32.
exd5 exd5 33. Rxd5 Rxd5 34. Rxd5 Qxe3 35. fxe3 Re7 36.
Kf2 Kf7 37. Rd6 Rc7 38. b4 Ke7 39. a4 Rd7 40. Rb6 h5 41. h4 Kf7 42. Kf3 Rc7 43.
Ke4 Rd7 44. b5 axb5 45. axb5 Ke7 46. c6 bxc6 47. bxc6 Rc7 48. Kd5 Kd8 49. Kd6 Rc8 50. Rb7 Ke8 51. c7 Kf7 52. Rb8 1-0

[Event "Early-Titled-Tuesday-Blitz-February-13-2024"]
[Site "Chess.com"]
[Date "2024.02.13"]
[Round "10"]
[White "wonderfultime"]
[Black "PLAYER_2006_M"]
[Result "1-0"]
[WhiteElo "3090"]
[BlackElo "3037"]
[TimeControl "180+1"]
[EndTime "9:59:22 PST"]
[Termination "wonderfultime won on time"]

1. d4 Nf6 2. Nf3 d5 3. Bf4 e6 4. e3 Bd6 5. Nbd2 c5 6. c3 O-O 7. Bd3 Nc6 8. Bg3 h6 9. Qe2 b6 10. e4 dxe4 11. Nxe4 Bxg3 12. Nxf6+ Qxf6 13. hxg3 Bb7 14. dxc5 bxc5 15. Qe4 Rfd8 16. O-O-O Na5 17. Qe3 Rac8 18.
g4 Bxf3 19. gxf3 g5 20. Qe4 Kf8 21. Kb1 Nc6 22. Bb5 Ne5 23. Be2 Rxd1+ 24. Rxd1 Ng6 25. Qb7 Rd8 26. Qxa7 Rxd1+ 27. Bxd1 Qe5 28. Qa8+ Kg7 29. Qe4 Qh2 30. Qe3 Qg1 31. Kc2 c4 32. a4 Nf4 33. a5 Nd5 34. Qd4+ Kg8 35. a6 Nc7 36. a7 1-0

[Event "Early-Titled-Tuesday-Blitz-February-13-2024"]
[Site "Chess.com"]
[Date "2024.02.13"]
[Round "10"]
[White "agvania123"]
[Black "WiktoriaPOL"]
[Result "1/2-1/2"]
[WhiteElo "2368"]
[BlackElo "2283"]
[TimeControl "180+1"]
[EndTime "9:59:22 PST"]
[Termination "Game drawn by repetition"]

1. c4 Nf6 2. Nc3 g6 3. e4 d6 4. g3 Bg7 5. Bg2 O-O 6. Nge2 c6 7. O-O Be6 8. d3 d5 9. cxd5 cxd5 10. e5 Ne8 11. d4 Nc7 12. Nf4 Nc6 13. Nxe6 Nxe6 14. Be3 Nc7 15. f4 e6 16. Rc1 Rc8 17. g4 f6 18. g5 fxg5 19. fxg5 Ne7 20. Qd3 Nf5 21. Bd2 Qe7 22. Ne2 a6 23. Bh3 Nh4 24.
Qg3 Nf5 25. Bxf5 exf5 26. h4 Ne6 27. Qd3 b5 28. Rxc8 Rxc8 29. Rc1 Rxc1+ 30. Bxc1 Qa7 31. Be3 Qb6 32. Qc3 Kf7 33. Qc8 Bxe5 34. Qd7+ Kf8 35. Qxd5 Bc7 36. h5 Bb8 37. Qd7 Qd6 38. Qxh7 Qh2+ 39.
Kf1 Qh3+ 40. Kf2 Qh4+ 41. Kf1 Qh3+ 42. Kf2 Qh4+ 43. Kf1 Qh3+ 1/2-1/2

[Event "Early-Titled-Tuesday-Blitz-February-13-2024"]
[Site "Chess.com"]
[Date "2024.02.13"]
[Round "10"]
[White "marsofsilva"]
[Black "GoValya"]
[Result "1-0"]
[WhiteElo "2141"]
[BlackElo "2251"]
[TimeControl "180+1"]
[EndTime "9:59:22 PST"]
[Termination "marsofsilva won by resignation"]

1. e4 e6 2. d4 d5 3. exd5 exd5 4. Nf3 Nf6 5. Bd3 c5 6. O-O c4 7. Re1+ Be7 8. Bf1 O-O 9. b3 cxb3 10. axb3 Nc6 11. c4 Bg4 12. Be3 Bb4 13. Nbd2 dxc4 14. bxc4 Bxf3 15. Qxf3 Bxd2 16. Bxd2 Nxd4 17. Qd3 Qd7 18.
Bb4 Rfe8 19. Red1 Red8 20. Bc3 a6 21. Qxd4 Qc7 22. Qh4 Rxd1 23. Rxd1 Ne8 24. Qg3 Qc6 25. Rd5 f6 26. Bd3 b5 27. Qh3 h6 28. Qf5 bxc4 29.
Qh7+ Kf7 30. Bg6+ Ke7 31. Rd1 Nd6 32. Qxg7+ Ke6 33. Qxf6+ Kd7 34. Be5 Kc7 35. Qxd6+ Qxd6 36. Bxd6+ Kc6 37. Be4+ 1-0

[Event "Early-Titled-Tuesday-Blitz-February-13-2024"]
[Site "Chess.com"]
[Date "2024.02.13"]
[Round "10"]
[White "Korchmar_Vasiliy"]
[Black "sotochess"]
[Result "1/2-1/2"]
[WhiteElo "2729"]
[BlackElo "2573"]
[TimeControl "180+1"]
[EndTime "9:59:23 PST"]
[Termination "Game drawn by agreement"]

1. Nf3 Nf6 2. g3 g6 3. Bg2 Bg7 4. O-O O-O 5. d3 c5 6. e4 Nc6 7. Re1 d6 8. c3 Rb8 9. d4 Bg4 10. h3 Bxf3 11. Bxf3 cxd4 12. cxd4 Qb6 13. Be3 Qxb2 14.
Nd2 Nxd4 15. Bg2 Nc2 16. Bxa7 Qxa1 17. Qxa1 Nxa1 18. Bxb8 Rxb8 19. Rxa1 Nxe4 20. Rd1 Nc3 21. Re1 e6 22. a3 d5 23. Nb1 b5 24. Nxc3 Bxc3 25.
Rb1 Kf8 26. Bf1 b4 27. axb4 Rxb4 28. Rxb4 Bxb4 29. f4 Be1 30. Kg2 Ke7 31. g4 Kd6 32. g5 Bd2 33. Kf3 Kc5 34. Bd3 Kd6 35. Bc2 Ke7 36.
h4 Kf8 37. Bb3 Kg7 38. Ba4 h6 39. Bd7 h5 40. Kg3 Kf8 41. Bb5 Be1+ 42. Kh3 Ke7 43. Ba4 d4 44. Bb5 Kd6 45. Ba4 Kd5 46. Kg2 Bxh4 47. Be8 d3 48. Kf3 d2 49. Ke2 Bg3 50.
Kxd2 Bxf4+ 51. Ke2 h4 52. Bxf7 Bxg5 53. Bxg6 h3 54.
Kf3 Kd4 55. Kg3 Ke3 56. Kxh3 Kf3 57. Bh7 e5 58. Bg6 Bf4 59. Bh7 e4 1/2-1/2

[Event "Early-Titled-Tuesday-Blitz-February-13-2024"]
[Site "Chess.com"]
[Date "2024.02.13"]
[Round "10"]
[White "Actuary44"]
[Black "ChessQueen"]
[Result "0-1"]
[WhiteElo "2515"]
[BlackElo "2691"]
[TimeControl "180+1"]
[EndTime "9:59:24 PST"]
[Termination "ChessQueen won by resignation"]

1. e4 c6 2. d4 d5 3. Nc3 dxe4 4.
Nxe4 Nf6 5. Ng3 g6 6. Bc4 Bg7 7. Nf3 O-O 8. Bg5 Nbd7 9. Qd2 Nb6 10. Bb3 a5 11. a4 Re8 12. Bh6 Bh8 13. h4 Nbd5 14. h5 e5 15. dxe5 Ng4 16. hxg6 fxg6 17. O-O-O Qe7 18. Bg5 Qf7 19. Bf6 Ngxf6 20. Ng5 Qg7 21.
exf6 Qxf6 22. c3 h5 23. Bxd5+ cxd5 24. Qxd5+ Be6 25. Nxe6 Qxe6 26. Qxe6+ Rxe6 27. Rhe1 Rxe1 28. Rxe1 Kf7 29. Ne4 Rd8 30. Rd1 Rxd1+ 31. Kxd1 Be5 32. Ke2 b6 33. Kd3 Ke6 34. Kc4 Bc7 35. b4 Ke5 36. Ng5 Kf5 37. Nf3 g5 38. Nd4+ Ke5 39. Kb5 h4 40. Kc6 Bd8 41. Nf3+ Ke4 42. bxa5 bxa5 43. c4 g4 44. Ne1 h3 45. f3+ Ke3 46. gxh3 gxh3 47.
Nc2+ Kf2 48. Nd4 h2 49. Ne6 Bh4 50. Nf4 h1=Q 51. Nd3+ Ke3 52. Kb5 Kxd3 0-1